[ AOE2 MATCH · #483798375 ]
Team RMVietnamese vs Khmer
[ REPLAY ANALYSIS · EXTRACTED FROM THE RECORDED GAME ]
Feudal
—
Castle
—
Imperial
—
| APM avg | 19.3 |
| APM peak | 186 |
| eAPM avg | 17.8 |
| Villagers / military | 153 / 451 |
Focus
⚔️ 22.8% · 🌾 77.2%
Battle Elephant ×317 · Trade Cart ×71 · Cavalry Archer ×67 · Archer ×15 · Spearman ×14 · Trebuchet (Packed) ×14
Feudal
—
Castle
—
Imperial
—
| APM avg | 20.4 |
| APM peak | 114 |
| eAPM avg | 17.9 |
| Villagers / military | 120 / 357 |
Focus
⚔️ 38.9% · 🌾 61.1%
Ballista Elephant ×314 · Trebuchet (Packed) ×43 · Trade Cart ×34
Feudal
—
Castle
—
Imperial
—
| APM avg | 20.8 |
| APM peak | 63 |
| eAPM avg | 17.1 |
| Villagers / military | 112 / 894 |
Focus
⚔️ 73.4% · 🌾 26.6%
Spearman ×427 · Skirmisher ×208 · Plumed Archer ×113 · Eagle Scout ×112 · Scorpion ×18 · Trebuchet (Packed) ×13
Feudal
—
Castle
—
Imperial
—
| APM avg | 6.0 |
| APM peak | 30 |
| eAPM avg | 3.9 |
| Villagers / military | 50 / 91 |
Focus
⚔️ 26.1% · 🌾 73.9%
Longbowman ×80 · Trade Cart ×12 · Spearman ×10 · Monk ×1
Feudal
—
Castle
—
Imperial
—
| APM avg | 10.0 |
| APM peak | 57 |
| eAPM avg | 7.1 |
| Villagers / military | 120 / 667 |
Focus
⚔️ 43.5% · 🌾 56.5%
Tarkan ×589 · Knight ×45 · Trade Cart ×20 · Cavalry Archer ×20 · Militia ×12 · Monk ×1
Feudal
—
Castle
—
Imperial
—
| APM avg | 16.0 |
| APM peak | 67 |
| eAPM avg | 13.6 |
| Villagers / military | 341 / 525 |
Focus
⚔️ 29.1% · 🌾 70.9%
Spearman ×420 · Trade Cart ×93 · Mangonel ×57 · Woad Raider ×33 · Militia ×10 · Battering Ram ×4
Feudal
—
Castle
—
Imperial
—
| APM avg | 22.7 |
| APM peak | 70 |
| eAPM avg | 14.1 |
| Villagers / military | 199 / 509 |
Focus
⚔️ 20.9% · 🌾 79.1%
Knight ×487 · Trade Cart ×29 · Mangonel ×16 · Monk ×6
Feudal
—
Castle
—
Imperial
—
| APM avg | 6.7 |
| APM peak | 46 |
| eAPM avg | 5.4 |
| Villagers / military | 58 / 46 |
Focus
⚔️ 18.4% · 🌾 81.6%
Mangonel ×20 · Knight ×13 · Coustillier ×10 · Trade Cart ×7 · Flemish Militia ×3
Match map
Initial resources + every placement click. Lines = walls · curves = elevation contours. ◆ gold · ⬟ stone · ● berries · ✦ relic · ◌ wall gap
Your base· Open — opponent sealed themselves in
♛︎ Laquief-2K #BEAMER™'s base· ✓ Closed at 21:30 · 21t walls · no gate
DaveyJones's base· ✓ Closed at 21:07 · 45t walls · 2 gate(s)
The Wuhan Bat's base· ✓ Closed at 23:12 · 27t walls · 1 gate(s)
Vorny104697's base· ✓ Closed at 22:14 · 33t walls · no gate
Jaereg's base· Open — opponent sealed themselves in
Cosmatas Maker's base· ✓ Closed at 14:08 · 0t walls · fragile
BrendaG9918's base· ✓ Closed at 25:18 · 0t walls · no gate
Smoothed initial terrain · ◌ = detected wall gap · hover for details
Inputs per minute
— SkilzDatKilz845 - - ♛︎ Laquief-2K #BEAMER™
Build order — SkilzDatKilz845
First 150 of 594 actions detected
| 0:05 | Create | Villager (Male) |
| 0:08 | Build | House |
| 0:13 | Build | House |
| 0:16 | Build | House |
| 0:30 | Research | Loom |
| 0:31 | Create | Villager (Male) ×3 |
| 1:25 | Build | Palisade Wall |
| 1:29 | Build | Palisade Wall |
| 2:23 | Create | Villager (Male) |
| 2:23 | Create | Villager (Male) |
| 2:23 | Create | Villager (Male) |
| 3:06 | Create | Villager (Male) |
| 3:46 | Create | Villager (Male) |
| 3:47 | Create | Villager (Male) |
| 4:20 | Create | Villager (Male) |
| 4:43 | Create | Villager (Male) |
| 5:17 | Build | Lumber Camp |
| 5:47 | Build | Mill |
| 5:52 | Create | Villager (Male) |
| 5:52 | Create | Villager (Male) |
| 5:53 | Create | Villager (Male) |
| 6:45 | Create | Villager (Male) |
| 6:45 | Create | Villager (Male) |
| 7:04 | Create | Villager (Male) |
| 7:12 | Build | House |
| 7:15 | Build | House |
| 7:17 | Build | House |
| 7:39 | Create | Villager (Male) |
| 8:11 | Build | Mill |
| 8:58 | Build | Barracks |
| 9:10 | Create | Villager (Male) |
| 9:10 | Create | Villager (Male) |
| 9:11 | Create | Villager (Male) |
| 9:11 | Create | Villager (Male) |
| 9:50 | Create | Villager (Male) ×4 |
| 9:56 | Build | Mining Camp |
| 10:38 | Create | Villager (Male) ×2 |
| 11:22 | Research | Feudal Age |
| 12:07 | Create | Villager (Male) |
| 12:08 | Create | Villager (Male) |
| 12:08 | Create | Villager (Male) |
| 12:28 | Create | Villager (Male) |
| 12:28 | Create | Villager (Male) |
| 13:50 | Build | Archery Range |
| 14:05 | Build | Blacksmith |
| 14:10 | Build | Market |
| 14:16 | Build | Mining Camp |
| 14:47 | Create | Archer |
| 14:48 | Create | Archer |
| 14:49 | Create | Archer |
| 14:54 | Create | Villager (Male) |
| 14:54 | Create | Villager (Male) |
| 15:30 | Research | Castle Age |
| 15:41 | Build | Lumber Camp |
| 16:24 | Create | Villager (Male) |
| 16:25 | Create | Villager (Male) |
| 16:25 | Create | Villager (Male) |
| 17:14 | Build | House |
| 17:16 | Build | House |
| 17:17 | Build | House |
| 17:21 | Build | Farm |
| 17:21 | Build | Farm |
| 17:21 | Build | Farm |
| 17:22 | Build | Farm |
| 17:22 | Build | Farm |
| 17:37 | Build | Farm |
| 18:53 | Build | Farm |
| 18:59 | Create | Villager (Male) |
| 19:24 | Build | Town Center |
| 19:40 | Build | Town Center |
| 19:45 | Create | Villager (Male) |
| 19:46 | Create | Villager (Male) |
| 19:59 | Create | Archer |
| 20:19 | Create | Villager (Male) |
| 20:39 | Create | Villager (Male) |
| 20:39 | Create | Villager (Male) |
| 20:39 | Create | Villager (Male) |
| 20:39 | Create | Villager (Male) |
| 20:39 | Create | Villager (Male) |
| 20:39 | Create | Villager (Male) |
| 20:46 | Build | Farm |
| 20:46 | Build | Farm |
| 21:10 | Research | Horse Collar |
| 21:14 | Research | Double-Bit Axe |
| 21:16 | Create | Villager (Male) |
| 21:16 | Create | Villager (Male) |
| 21:16 | Create | Villager (Male) |
| 21:17 | Create | Villager (Male) |
| 21:17 | Create | Villager (Male) |
| 21:17 | Create | Villager (Male) |
| 21:17 | Create | Villager (Male) |
| 21:17 | Create | Villager (Male) |
| 21:17 | Create | Villager (Male) |
| 21:44 | Build | Siege Workshop |
| 22:04 | Create | Villager (Male) |
| 22:04 | Create | Villager (Male) |
| 22:04 | Create | Villager (Male) |
| 22:16 | Build | Farm |
| 22:16 | Build | Farm |
| 22:17 | Build | Farm |
| 22:19 | Build | Farm |
| 22:23 | Create | Villager (Male) |
| 22:23 | Create | Villager (Male) |
| 22:23 | Create | Villager (Male) |
| 22:49 | Build | University |
| 22:55 | Build | Monastery |
| 23:01 | Create | Villager (Male) ×2 |
| 23:14 | Create | Mangonel |
| 23:28 | Create | Mangonel |
| 23:48 | Create | Villager (Male) ×3 |
| 24:01 | Build | Farm |
| 24:01 | Build | Farm |
| 24:02 | Build | Farm |
| 24:02 | Build | Farm |
| 24:02 | Build | Farm |
| 24:21 | Build | Mill |
| 24:34 | Build | Lumber Camp |
| 24:40 | Create | Villager (Male) ×4 |
| 24:47 | Create | Mangonel |
| 25:02 | Research | Squires |
| 25:10 | Create | Villager (Male) |
| 25:10 | Create | Villager (Male) |
| 25:10 | Create | Villager (Male) |
| 25:20 | Build | House |
| 25:23 | Build | House |
| 25:24 | Build | House |
| 25:27 | Build | House |
| 25:30 | Build | House |
| 25:31 | Build | House |
| 25:35 | Build | House |
| 25:36 | Build | House |
| 25:47 | Build | Farm |
| 25:48 | Build | Farm |
| 25:54 | Research | Wheelbarrow |
| 25:55 | Research | Town Watch |
| 25:57 | Create | Villager (Male) ×2 |
| 27:07 | Research | Hand Cart |
| 27:10 | Create | Villager (Male) ×2 |
| 27:18 | Create | Mangonel ×2 |
| 27:47 | Create | Villager (Male) ×4 |
| 27:55 | Create | Archer ×4 |
| 28:23 | Create | Trade Cart ×2 |
| 28:26 | Create | Trade Cart ×5 |
| 28:29 | Create | Villager (Male) |
| 28:29 | Create | Villager (Male) |
| 28:29 | Create | Villager (Male) |
| 28:51 | Build | Mill |
| 28:53 | Build | Farm |
| 28:54 | Build | Farm |
| 28:54 | Build | Farm |
Build order — ♛︎ Laquief-2K #BEAMER™
First 150 of 686 actions detected
| 0:06 | Research | Loom |
| 0:06 | Create | Villager (Male) |
| 0:06 | Create | Villager (Male) |
| 0:07 | Create | Villager (Male) |
| 0:07 | Create | Villager (Male) |
| 0:07 | Create | Villager (Male) |
| 0:21 | Build | House |
| 0:22 | Build | House |
| 0:23 | Build | House |
| 0:24 | Build | House |
| 0:24 | Build | House |
| 1:30 | Build | Palisade Wall |
| 1:37 | Build | Palisade Gate |
| 2:04 | Create | Villager (Male) |
| 2:26 | Build | Palisade Wall |
| 2:48 | Create | Villager (Male) |
| 2:48 | Create | Villager (Male) |
| 3:17 | Create | Villager (Male) |
| 3:52 | Build | Palisade Wall |
| 4:03 | Create | Villager (Male) |
| 4:03 | Create | Villager (Male) |
| 4:20 | Create | Villager (Male) |
| 4:21 | Create | Villager (Male) |
| 4:52 | Create | Villager (Male) |
| 4:52 | Create | Villager (Male) |
| 5:18 | Create | Villager (Male) |
| 5:56 | Create | Villager (Male) |
| 5:56 | Create | Villager (Male) |
| 6:05 | Create | Villager (Male) |
| 6:50 | Create | Villager (Male) |
| 6:50 | Create | Villager (Male) |
| 7:51 | Build | Lumber Camp |
| 8:01 | Build | Lumber Camp |
| 8:33 | Build | Mining Camp |
| 8:39 | Create | Villager (Male) |
| 8:41 | Create | Villager (Male) |
| 10:11 | Build | House |
| 10:13 | Build | House |
| 10:14 | Build | House |
| 10:15 | Build | House |
| 10:16 | Build | House |
| 10:17 | Build | House |
| 10:18 | Build | House |
| 10:32 | Build | Mill |
| 10:40 | Build | Mining Camp |
| 12:10 | Build | Mill |
| 12:20 | Research | Feudal Age |
| 12:46 | Build | Mining Camp |
| 14:18 | Create | Villager (Male) |
| 14:47 | Research | Horse Collar |
| 14:57 | Build | Farm |
| 14:58 | Build | Farm |
| 14:59 | Build | Farm |
| 15:01 | Build | Farm |
| 15:02 | Build | Farm |
| 15:04 | Build | Farm |
| 15:05 | Build | Farm |
| 15:07 | Build | Farm |
| 15:08 | Build | Farm |
| 15:10 | Build | Farm |
| 15:11 | Build | Farm |
| 15:16 | Create | Villager (Male) |
| 15:27 | Create | Villager (Male) |
| 15:33 | Create | Villager (Male) |
| 15:36 | Create | Villager (Male) |
| 15:36 | Create | Villager (Male) |
| 15:44 | Create | Villager (Male) |
| 16:09 | Create | Villager (Male) |
| 16:24 | Create | Villager (Male) |
| 17:06 | Research | Double-Bit Axe |
| 17:13 | Research | Stone Mining |
| 17:15 | Research | Gold Mining |
| 17:18 | Create | Villager (Male) |
| 17:18 | Create | Villager (Male) |
| 17:20 | Create | Villager (Male) |
| 17:42 | Build | Mining Camp |
| 18:26 | Build | Stone Wall |
| 18:31 | Create | Villager (Male) |
| 18:32 | Create | Villager (Male) |
| 19:07 | Build | Mining Camp |
| 19:23 | Create | Villager (Male) |
| 19:23 | Create | Villager (Male) |
| 19:47 | Build | Market |
| 19:52 | Build | Market |
| 20:00 | Build | Farm |
| 20:05 | Build | Farm |
| 20:07 | Create | Villager (Male) |
| 20:08 | Create | Villager (Male) |
| 20:15 | Build | Stone Wall |
| 20:24 | Build | Farm |
| 20:46 | Build | Farm |
| 21:05 | Create | Villager (Male) |
| 21:05 | Create | Villager (Male) |
| 21:05 | Create | Villager (Male) |
| 21:05 | Create | Villager (Male) |
| 21:11 | Build | Farm |
| 21:30 | Research | Castle Age |
| 22:03 | Create | Trade Cart |
| 22:04 | Create | Trade Cart |
| 22:06 | Create | Trade Cart |
| 22:06 | Create | Trade Cart |
| 22:18 | Build | Stone Wall |
| 22:27 | Create | Villager (Male) |
| 22:27 | Create | Villager (Male) |
| 22:27 | Create | Villager (Male) |
| 22:28 | Create | Villager (Male) |
| 22:28 | Create | Villager (Male) |
| 22:52 | Build | Mining Camp |
| 22:59 | Create | Trade Cart |
| 23:09 | Create | Trade Cart |
| 23:15 | Create | Trade Cart |
| 23:35 | Build | Lumber Camp |
| 24:14 | Build | Stone Wall |
| 24:40 | Build | University |
| 24:55 | Build | Blacksmith |
| 25:36 | Build | Town Center |
| 25:40 | Research | Bow Saw |
| 25:43 | Research | Heavy Plow |
| 25:46 | Research | Gold Shaft Mining |
| 26:04 | Build | Stone Wall |
| 26:09 | Create | Villager (Male) |
| 26:09 | Create | Villager (Male) |
| 26:09 | Create | Villager (Male) |
| 26:10 | Create | Villager (Male) |
| 26:10 | Create | Villager (Male) |
| 26:19 | Create | Villager (Male) |
| 26:19 | Create | Villager (Male) |
| 26:19 | Create | Villager (Male) |
| 26:19 | Create | Villager (Male) |
| 26:29 | Build | Lumber Camp |
| 26:43 | Build | House |
| 26:45 | Build | House |
| 26:46 | Build | House |
| 26:47 | Build | House |
| 26:48 | Build | House |
| 26:49 | Build | House |
| 26:50 | Build | House |
| 26:51 | Build | House |
| 26:52 | Build | House |
| 27:00 | Create | Villager (Male) |
| 27:01 | Create | Villager (Male) |
| 27:01 | Create | Villager (Male) |
| 27:20 | Research | Fortified Wall (upgrade) |
| 27:41 | Build | Farm |
| 27:48 | Create | Villager (Male) |
| 27:48 | Create | Villager (Male) |
| 28:00 | Build | Farm |
| 28:08 | Build | Farm |
| 28:12 | Create | Villager (Male) |
| 28:12 | Create | Villager (Male) |
Build order — DaveyJones
First 150 of 1205 actions detected
| 0:02 | Create | Villager (Male) |
| 0:12 | Research | Loom |
| 0:41 | Create | Villager (Male) |
| 0:41 | Create | Villager (Male) |
| 0:42 | Create | Villager (Male) |
| 0:49 | Build | House |
| 0:52 | Build | House |
| 0:55 | Build | House |
| 0:57 | Build | House |
| 2:52 | Create | Villager (Male) |
| 3:28 | Create | Villager (Male) |
| 3:43 | Build | Lumber Camp |
| 4:00 | Create | Villager (Male) |
| 4:16 | Build | Palisade Wall |
| 4:33 | Create | Villager (Male) |
| 4:34 | Create | Villager (Male) |
| 5:29 | Create | Villager (Male) |
| 5:35 | Create | Villager (Male) |
| 5:59 | Create | Villager (Male) |
| 6:10 | Build | Palisade Wall |
| 6:21 | Build | Palisade Wall |
| 6:58 | Build | Palisade Gate |
| 7:04 | Create | Villager (Male) |
| 7:16 | Create | Villager (Male) |
| 7:34 | Build | Mill |
| 7:39 | Create | Villager (Male) |
| 7:53 | Create | Villager (Male) |
| 8:11 | Build | Palisade Wall |
| 8:30 | Create | Villager (Male) |
| 9:00 | Build | Barracks |
| 9:05 | Create | Villager (Male) |
| 9:17 | Build | House |
| 10:03 | Build | House |
| 10:21 | Build | Palisade Wall |
| 10:34 | Build | House |
| 10:46 | Build | House |
| 10:57 | Build | Lumber Camp |
| 11:08 | Research | Feudal Age |
| 11:10 | Create | Villager (Male) |
| 11:20 | Build | House |
| 11:34 | Create | Villager (Male) |
| 11:40 | Create | Villager (Male) |
| 12:06 | Build | Mining Camp |
| 12:41 | Build | Lumber Camp |
| 13:23 | Create | Eagle Scout |
| 13:31 | Create | Villager (Male) |
| 13:35 | Research | Gold Mining |
| 13:44 | Research | Double-Bit Axe |
| 13:57 | Research | Wheelbarrow |
| 14:19 | Research | Arson |
| 14:26 | Create | Villager (Male) |
| 14:33 | Build | Mining Camp |
| 14:39 | Research | Horse Collar |
| 14:46 | Create | Villager (Male) |
| 15:17 | Build | Mill |
| 15:22 | Create | Villager (Male) |
| 15:45 | Build | Stone Wall |
| 16:08 | Research | Stone Mining |
| 16:18 | Build | Farm |
| 16:32 | Build | Market |
| 17:01 | Build | Stone Wall |
| 17:11 | Build | Gate |
| 17:26 | Create | Villager (Male) |
| 17:26 | Create | Villager (Male) |
| 17:33 | Build | Farm |
| 17:38 | Build | Farm |
| 17:46 | Build | Farm |
| 17:59 | Build | Farm |
| 18:05 | Build | Blacksmith |
| 18:10 | Build | House |
| 18:12 | Build | House |
| 18:16 | Create | Villager (Male) |
| 18:22 | Build | Farm |
| 18:25 | Create | Villager (Male) |
| 18:40 | Build | Stone Wall |
| 19:01 | Build | House |
| 19:04 | Build | House |
| 19:07 | Create | Villager (Male) |
| 19:12 | Build | Farm |
| 19:18 | Build | Farm |
| 19:54 | Create | Villager (Male) |
| 20:00 | Build | Farm |
| 20:06 | Build | Farm |
| 20:11 | Build | Farm |
| 20:15 | Build | Farm |
| 20:23 | Build | Farm |
| 20:27 | Create | Villager (Male) |
| 20:38 | Build | Farm |
| 20:54 | Build | Archery Range |
| 21:07 | Research | Castle Age |
| 21:26 | Research | Scale Mail Armor |
| 21:40 | Build | Stone Wall |
| 21:46 | Build | Gate |
| 21:52 | Create | Eagle Scout |
| 21:52 | Create | Eagle Scout |
| 21:58 | Research | Fletching |
| 22:00 | Create | Villager (Male) |
| 22:00 | Create | Villager (Male) |
| 22:15 | Build | Lumber Camp |
| 22:28 | Build | Farm |
| 22:32 | Create | Trade Cart |
| 23:18 | Create | Villager (Male) |
| 23:21 | Research | Padded Archer Armor |
| 23:32 | Create | Trade Cart |
| 23:55 | Research | Bow Saw |
| 23:59 | Research | Heavy Plow |
| 24:10 | Build | Town Center |
| 24:14 | Create | Villager (Male) |
| 24:22 | Research | Stone Shaft Mining |
| 24:44 | Build | Siege Workshop |
| 24:52 | Build | Stone Wall |
| 24:56 | Build | Gate |
| 25:13 | Create | Villager (Male) |
| 25:22 | Create | Villager (Male) |
| 25:34 | Research | Hand Cart |
| 25:35 | Create | Villager (Male) |
| 25:42 | Create | Villager (Male) |
| 25:43 | Create | Villager (Male) |
| 25:43 | Create | Villager (Male) |
| 25:43 | Create | Villager (Male) |
| 25:45 | Create | Villager (Male) |
| 26:06 | Create | Scorpion |
| 26:06 | Create | Scorpion |
| 26:27 | Create | Villager (Male) |
| 26:30 | Create | Trade Cart |
| 26:33 | Create | Villager (Male) |
| 26:39 | Create | Villager (Male) |
| 26:40 | Create | Villager (Male) |
| 26:53 | Build | Monastery |
| 27:08 | Build | Farm |
| 27:11 | Build | Farm |
| 27:16 | Build | Farm |
| 27:24 | Build | House |
| 27:26 | Build | House |
| 27:30 | Build | House |
| 27:36 | Build | House |
| 27:39 | Build | House |
| 27:50 | Create | Villager (Male) |
| 27:50 | Create | Villager (Male) |
| 28:09 | Build | Archery Range |
| 28:27 | Research | Squires |
| 28:36 | Create | Villager (Male) |
| 28:36 | Create | Villager (Male) |
| 28:49 | Build | Town Center |
| 28:52 | Create | Trade Cart |
| 28:56 | Research | Forging |
| 28:58 | Create | Villager (Male) |
| 29:10 | Build | Mining Camp |
| 29:18 | Build | Castle |
| 29:22 | Create | Eagle Scout |
Build order — The Wuhan Bat
132 actions detected in the replay
| 0:07 | Create | Villager (Male) |
| 0:07 | Research | Loom |
| 0:45 | Build | Palisade Wall |
| 1:03 | Build | Palisade Wall |
| 1:23 | Build | House |
| 1:47 | Build | Lumber Camp |
| 2:01 | Create | Villager (Male) ×3 |
| 2:43 | Build | House |
| 3:44 | Create | Villager (Male) |
| 4:15 | Build | House |
| 4:22 | Create | Villager (Male) ×2 |
| 5:05 | Create | Villager (Male) ×2 |
| 5:45 | Create | Villager (Male) |
| 7:01 | Create | Villager (Male) ×3 |
| 8:00 | Build | Mill |
| 8:58 | Research | Feudal Age |
| 9:14 | Build | House |
| 10:13 | Create | Villager (Male) ×5 |
| 11:13 | Build | Watch Tower |
| 11:35 | Research | Double-Bit Axe |
| 11:53 | Build | Stone Wall |
| 13:08 | Build | Mining Camp |
| 13:25 | Build | House |
| 13:33 | Build | Lumber Camp |
| 13:46 | Build | Lumber Camp |
| 13:58 | Build | House |
| 14:51 | Build | Stone Wall |
| 15:00 | Build | Gate |
| 15:21 | Build | Stone Wall |
| 15:41 | Build | Lumber Camp |
| 15:45 | Create | Villager (Male) ×5 |
| 15:51 | Build | Farm |
| 15:54 | Research | Horse Collar |
| 16:07 | Create | Villager (Male) ×5 |
| 16:39 | Build | Farm |
| 16:44 | Build | Farm |
| 17:41 | Build | Blacksmith |
| 18:09 | Build | Market |
| 19:02 | Research | Fletching |
| 20:02 | Build | Farm |
| 20:03 | Build | Farm |
| 20:05 | Build | Farm |
| 20:07 | Build | Farm |
| 20:09 | Build | Farm |
| 20:11 | Build | Farm |
| 20:19 | Build | Farm |
| 20:20 | Build | Farm |
| 20:28 | Create | Villager (Male) ×5 |
| 21:09 | Build | Mining Camp |
| 21:27 | Build | House |
| 21:29 | Build | House |
| 21:32 | Build | House |
| 21:33 | Build | House |
| 21:34 | Build | House |
| 21:37 | Build | House |
| 21:39 | Build | House |
| 21:40 | Build | House |
| 21:41 | Build | House |
| 21:43 | Build | House |
| 21:47 | Build | House |
| 21:48 | Build | House |
| 21:50 | Build | House |
| 22:15 | Create | Villager (Male) |
| 22:45 | Build | Farm |
| 22:52 | Create | Trade Cart |
| 22:52 | Create | Trade Cart |
| 22:52 | Create | Trade Cart |
| 23:12 | Research | Castle Age |
| 23:35 | Build | Mining Camp |
| 23:41 | Create | Villager (Male) ×2 |
| 24:45 | Create | Villager (Male) |
| 24:45 | Create | Villager (Male) |
| 25:31 | Research | Stone Mining |
| 25:36 | Create | Villager (Male) |
| 25:37 | Create | Villager (Male) |
| 25:46 | Create | Trade Cart |
| 25:47 | Create | Trade Cart |
| 25:47 | Create | Trade Cart |
| 26:00 | Create | Trade Cart |
| 26:09 | Research | Bow Saw |
| 26:30 | Build | University |
| 27:16 | Build | Monastery |
| 27:22 | Research | Fortified Wall (upgrade) |
| 27:55 | Build | Stone Wall |
| 28:44 | Create | Monk |
| 29:06 | Build | Mining Camp |
| 29:16 | Create | Villager (Male) ×5 |
| 29:27 | Build | Castle |
| 29:44 | Build | Stone Wall |
| 30:51 | Build | Stone Wall |
| 31:07 | Create | Longbowman ×5 |
| 31:14 | Research | Bodkin Arrow |
| 31:16 | Research | Padded Archer Armor |
| 31:37 | Create | Longbowman ×5 |
| 32:16 | Create | Longbowman ×5 |
| 32:45 | Create | Trade Cart ×5 |
| 32:46 | Research | Caravan |
| 32:59 | Create | Longbowman |
| 32:59 | Create | Longbowman |
| 33:00 | Create | Longbowman |
| 33:00 | Create | Longbowman |
| 34:36 | Research | Yeomen |
| 34:41 | Research | Imperial Age |
| 35:42 | Create | Longbowman ×5 |
| 36:37 | Create | Longbowman ×5 |
| 36:49 | Build | Castle |
| 37:37 | Build | Stone Wall |
| 37:56 | Create | Longbowman ×5 |
| 37:58 | Create | Longbowman ×5 |
| 38:34 | Create | Villager (Male) ×5 |
| 38:49 | Build | Stone Wall |
| 39:53 | Research | Elite Longbowman (upgrade) |
| 40:05 | Research | Bracer |
| 41:09 | Research | Chemistry |
| 41:12 | Create | Longbowman ×5 |
| 41:17 | Create | Longbowman ×2 |
| 42:15 | Create | Longbowman ×5 |
| 42:15 | Create | Longbowman ×5 |
| 42:16 | Create | Longbowman ×2 |
| 42:16 | Create | Longbowman ×2 |
| 42:30 | Build | Castle |
| 43:09 | Research | Murder Holes |
| 43:14 | Create | Longbowman |
| 43:14 | Create | Longbowman |
| 43:24 | Create | Longbowman ×3 |
| 43:58 | Create | Longbowman ×5 |
| 43:58 | Create | Longbowman ×5 |
| 43:59 | Create | Longbowman ×5 |
| 44:28 | Build | Barracks |
| 44:56 | Build | Barracks |
| 45:26 | Create | Spearman ×5 |
| 45:26 | Create | Spearman ×5 |
Build order — Vorny104697
First 150 of 329 actions detected
| 0:02 | Create | Villager (Male) |
| 0:02 | Create | Villager (Male) |
| 0:02 | Create | Villager (Male) |
| 0:02 | Create | Villager (Male) |
| 0:03 | Create | Villager (Male) |
| 1:33 | Create | Villager (Male) |
| 1:34 | Create | Villager (Male) |
| 1:56 | Build | Palisade Wall |
| 2:06 | Create | Villager (Male) |
| 2:06 | Create | Villager (Male) |
| 2:36 | Create | Villager (Male) |
| 2:37 | Create | Villager (Male) |
| 3:08 | Create | Villager (Male) |
| 3:08 | Create | Villager (Male) |
| 3:08 | Create | Villager (Male) |
| 4:32 | Create | Villager (Male) |
| 4:32 | Create | Villager (Male) |
| 4:32 | Create | Villager (Male) |
| 4:32 | Create | Villager (Male) |
| 5:20 | Build | Palisade Wall |
| 5:42 | Create | Villager (Male) |
| 5:42 | Create | Villager (Male) |
| 5:42 | Create | Villager (Male) |
| 5:43 | Create | Villager (Male) |
| 5:43 | Create | Villager (Male) |
| 7:46 | Build | Lumber Camp |
| 8:04 | Build | Mill |
| 8:33 | Research | Loom |
| 8:45 | Create | Villager (Male) ×5 |
| 10:06 | Build | Mining Camp |
| 10:31 | Create | Villager (Male) ×5 |
| 11:35 | Build | Mining Camp |
| 12:32 | Research | Feudal Age |
| 15:22 | Research | Wheelbarrow |
| 15:30 | Research | Stone Mining |
| 15:34 | Research | Gold Mining |
| 15:38 | Research | Double-Bit Axe |
| 15:57 | Build | Farm |
| 15:59 | Build | Farm |
| 16:01 | Build | Farm |
| 16:02 | Build | Farm |
| 16:03 | Build | Farm |
| 16:04 | Build | Farm |
| 16:06 | Build | Farm |
| 16:07 | Build | Farm |
| 16:08 | Build | Farm |
| 16:17 | Build | Farm |
| 16:22 | Build | Farm |
| 16:45 | Create | Villager (Male) ×3 |
| 17:23 | Build | Market |
| 17:42 | Build | Blacksmith |
| 18:42 | Build | Barracks |
| 18:49 | Create | Villager (Male) ×5 |
| 18:49 | Create | Villager (Male) ×5 |
| 18:50 | Create | Villager (Male) ×2 |
| 20:05 | Build | Archery Range |
| 20:10 | Build | Stable |
| 21:01 | Build | Stone Wall |
| 21:11 | Build | Farm |
| 21:15 | Build | Farm |
| 22:03 | Build | Mining Camp |
| 22:14 | Research | Castle Age |
| 23:04 | Research | Man-at-Arms (upgrade) |
| 23:16 | Research | Bloodlines |
| 23:29 | Create | Trade Cart ×5 |
| 23:58 | Build | Gate |
| 25:06 | Build | Stone Wall |
| 25:13 | Build | Stone Wall |
| 25:31 | Research | Hand Cart |
| 25:33 | Create | Villager (Male) ×5 |
| 25:34 | Create | Villager (Male) ×5 |
| 25:34 | Create | Villager (Male) ×2 |
| 25:48 | Research | Horse Collar |
| 26:12 | Build | Stone Wall |
| 26:41 | Research | Bow Saw |
| 26:53 | Build | Farm |
| 27:41 | Build | Castle |
| 28:06 | Research | Heavy Plow |
| 28:14 | Build | Farm |
| 28:32 | Research | Caravan |
| 28:37 | Create | Villager (Male) ×5 |
| 28:40 | Build | Farm |
| 28:55 | Build | Mining Camp |
| 29:03 | Build | Farm |
| 29:27 | Build | Farm |
| 29:53 | Build | Town Center |
| 30:04 | Research | Gold Shaft Mining |
| 30:17 | Build | Lumber Camp |
| 31:09 | Build | Town Center |
| 31:37 | Build | Farm |
| 31:46 | Create | Villager (Male) ×5 |
| 31:47 | Create | Villager (Male) ×5 |
| 31:51 | Create | Villager (Male) ×5 |
| 32:16 | Build | Farm |
| 32:20 | Build | Farm |
| 32:25 | Build | Farm |
| 32:30 | Build | Farm |
| 32:33 | Build | Farm |
| 32:37 | Build | Farm |
| 32:40 | Build | Farm |
| 32:43 | Build | Farm |
| 33:01 | Build | University |
| 33:12 | Build | Monastery |
| 33:25 | Build | Farm |
| 33:43 | Create | Villager (Male) ×5 |
| 33:47 | Create | Villager (Male) |
| 33:48 | Create | Villager (Male) |
| 34:14 | Research | Husbandry |
| 34:17 | Research | Marauders |
| 34:20 | Research | Murder Holes |
| 34:21 | Research | Ballistics |
| 34:56 | Create | Monk |
| 35:15 | Research | Imperial Age |
| 35:20 | Create | Villager (Male) ×5 |
| 35:20 | Create | Villager (Male) ×5 |
| 35:47 | Create | Trade Cart ×5 |
| 36:24 | Research | Town Watch |
| 36:38 | Research | Elite Skirmisher (upgrade) |
| 36:41 | Research | Long Swordsman (upgrade) |
| 36:43 | Research | Arson |
| 36:44 | Research | Squires |
| 36:47 | Research | Scale Barding Armor |
| 36:48 | Research | Forging |
| 36:48 | Research | Scale Mail Armor |
| 36:49 | Research | Padded Archer Armor |
| 36:49 | Research | Fletching |
| 38:09 | Research | Town Patrol |
| 38:33 | Create | Cavalry Archer ×5 |
| 38:33 | Create | Cavalry Archer ×5 |
| 38:33 | Create | Cavalry Archer ×5 |
| 38:33 | Create | Cavalry Archer ×5 |
| 38:44 | Create | Knight ×5 |
| 38:44 | Create | Knight ×5 |
| 38:45 | Create | Knight ×5 |
| 38:45 | Create | Knight ×5 |
| 38:54 | Research | Iron Casting |
| 38:59 | Create | Militia |
| 38:59 | Create | Militia ×2 |
| 39:00 | Create | Militia |
| 39:44 | Create | Villager (Male) ×5 |
| 39:44 | Create | Villager (Male) ×5 |
| 39:45 | Create | Villager (Male) ×5 |
| 40:08 | Research | Two-Man Saw |
| 40:14 | Build | Farm |
| 40:16 | Build | Farm |
| 40:19 | Build | Farm |
| 40:40 | Build | Farm |
| 40:44 | Build | Farm |
| 40:48 | Build | Farm |
| 40:58 | Research | Chain Barding Armor |
Build order — Jaereg
First 150 of 865 actions detected
| 0:09 | Build | House |
| 0:19 | Create | Villager (Male) ×4 |
| 0:20 | Create | Villager (Male) ×4 |
| 0:51 | Research | Loom |
| 1:46 | Create | Villager (Male) |
| 2:22 | Build | House |
| 2:26 | Create | Villager (Male) |
| 2:27 | Create | Villager (Male) |
| 2:27 | Create | Villager (Male) |
| 2:50 | Create | Villager (Male) |
| 3:31 | Build | Palisade Wall |
| 3:35 | Build | House |
| 3:46 | Build | House |
| 3:52 | Build | House |
| 4:15 | Create | Villager (Male) |
| 4:15 | Create | Villager (Male) |
| 4:15 | Create | Villager (Male) |
| 4:39 | Build | Palisade Wall |
| 4:48 | Create | Villager (Male) |
| 4:49 | Create | Villager (Male) |
| 4:57 | Create | Villager (Male) |
| 5:12 | Create | Villager (Male) |
| 5:12 | Create | Villager (Male) |
| 5:37 | Create | Villager (Male) |
| 5:37 | Create | Villager (Male) |
| 6:13 | Build | Mill |
| 6:19 | Create | Villager (Male) |
| 6:19 | Create | Villager (Male) |
| 6:35 | Create | Villager (Male) |
| 7:03 | Build | House |
| 7:05 | Create | Villager (Male) |
| 7:14 | Create | Villager (Male) |
| 7:15 | Create | Villager (Male) |
| 7:55 | Build | Lumber Camp |
| 7:57 | Create | Villager (Male) |
| 7:57 | Create | Villager (Male) |
| 8:36 | Create | Villager (Male) |
| 8:59 | Create | Villager (Male) |
| 10:20 | Create | Villager (Male) |
| 10:20 | Create | Villager (Male) |
| 10:21 | Create | Villager (Male) |
| 10:38 | Research | Feudal Age |
| 11:19 | Create | Villager (Male) |
| 12:43 | Build | Farm |
| 12:43 | Build | Farm |
| 12:44 | Build | Farm |
| 12:44 | Build | Farm |
| 12:44 | Build | Farm |
| 12:45 | Build | Farm |
| 12:58 | Build | Farm |
| 12:58 | Build | Farm |
| 12:58 | Build | Farm |
| 13:04 | Build | Farm |
| 13:06 | Build | Farm |
| 13:32 | Research | Double-Bit Axe |
| 13:36 | Research | Wheelbarrow |
| 13:54 | Build | Farm |
| 13:55 | Build | Farm |
| 14:04 | Build | Farm |
| 14:22 | Build | Market |
| 14:26 | Create | Villager (Male) |
| 15:06 | Research | Horse Collar |
| 15:49 | Create | Villager (Male) |
| 16:05 | Build | Blacksmith |
| 16:45 | Research | Castle Age |
| 16:56 | Create | Villager (Male) |
| 17:27 | Build | Stone Wall |
| 17:31 | Build | Gate |
| 17:37 | Create | Villager (Male) |
| 17:44 | Build | Mining Camp |
| 17:52 | Build | House |
| 17:54 | Build | House |
| 17:55 | Build | House |
| 17:57 | Build | House |
| 18:05 | Build | Mill |
| 19:32 | Build | University |
| 19:39 | Research | Bow Saw |
| 19:44 | Create | Villager (Male) |
| 19:47 | Create | Villager (Male) ×5 |
| 19:52 | Research | Heavy Plow |
| 20:17 | Research | Treadmill Crane |
| 20:56 | Create | Villager (Male) |
| 20:58 | Research | Hand Cart |
| 21:16 | Build | Town Center |
| 21:28 | Create | Villager (Male) |
| 22:33 | Create | Villager (Male) |
| 22:33 | Create | Villager (Male) |
| 22:36 | Research | Hand Cart |
| 22:46 | Create | Villager (Male) |
| 22:47 | Create | Villager (Male) |
| 22:47 | Create | Villager (Male) |
| 22:47 | Create | Villager (Male) |
| 22:50 | Create | Villager (Male) |
| 22:56 | Build | Siege Workshop |
| 23:00 | Build | Siege Workshop |
| 23:28 | Build | Lumber Camp |
| 23:49 | Build | Town Center |
| 24:01 | Create | Mangonel |
| 24:09 | Create | Villager (Male) |
| 24:09 | Create | Villager (Male) |
| 24:09 | Create | Villager (Male) |
| 24:18 | Create | Villager (Male) |
| 24:19 | Create | Villager (Male) |
| 24:19 | Create | Villager (Male) |
| 24:40 | Build | Mining Camp |
| 24:45 | Create | Villager (Male) |
| 24:46 | Create | Villager (Male) |
| 24:47 | Create | Villager (Male) |
| 24:50 | Create | Villager (Male) ×3 |
| 25:07 | Build | Lumber Camp |
| 25:30 | Create | Villager (Male) |
| 25:30 | Create | Villager (Male) |
| 25:30 | Create | Villager (Male) |
| 25:47 | Create | Villager (Male) |
| 25:47 | Create | Villager (Male) |
| 25:47 | Create | Villager (Male) |
| 25:48 | Create | Villager (Male) |
| 26:06 | Create | Villager (Male) |
| 26:25 | Research | Stone Mining |
| 26:36 | Build | Town Center |
| 27:02 | Research | Stone Shaft Mining |
| 27:06 | Build | House |
| 27:09 | Build | House |
| 27:10 | Build | House |
| 27:25 | Create | Mangonel |
| 27:29 | Create | Villager (Male) |
| 27:29 | Create | Villager (Male) |
| 27:30 | Create | Villager (Male) |
| 27:30 | Create | Villager (Male) |
| 27:31 | Create | Villager (Male) |
| 27:38 | Create | Villager (Male) |
| 27:38 | Create | Villager (Male) |
| 27:38 | Create | Villager (Male) |
| 27:50 | Build | Monastery |
| 28:15 | Create | Monk |
| 28:21 | Research | Fervor |
| 28:23 | Create | Villager (Male) |
| 28:23 | Create | Villager (Male) |
| 28:24 | Create | Villager (Male) |
| 28:24 | Create | Villager (Male) |
| 28:34 | Create | Villager (Male) |
| 28:34 | Create | Villager (Male) |
| 28:53 | Create | Villager (Male) |
| 29:34 | Build | Castle |
| 29:37 | Create | Villager (Male) |
| 29:37 | Create | Villager (Male) |
| 29:37 | Create | Villager (Male) |
| 29:45 | Build | House |
| 29:47 | Build | House |
| 29:48 | Build | House |
Build order — Cosmatas Maker
First 150 of 470 actions detected
| 0:04 | Create | Villager (Male) |
| 0:04 | Create | Villager (Male) |
| 0:04 | Create | Villager (Male) |
| 0:04 | Create | Villager (Male) |
| 0:05 | Create | Villager (Male) |
| 0:05 | Create | Villager (Male) |
| 0:10 | Build | House |
| 0:56 | Build | House |
| 0:57 | Build | House |
| 0:58 | Build | House |
| 1:54 | Create | Villager (Male) |
| 1:54 | Create | Villager (Male) |
| 1:54 | Create | Villager (Male) |
| 2:14 | Create | Villager (Male) |
| 2:14 | Create | Villager (Male) |
| 2:47 | Create | Villager (Male) |
| 2:47 | Create | Villager (Male) |
| 3:01 | Build | Lumber Camp |
| 3:13 | Create | Villager (Male) |
| 3:14 | Create | Villager (Male) |
| 3:14 | Create | Villager (Male) |
| 3:14 | Create | Villager (Male) |
| 3:53 | Create | Villager (Male) |
| 3:53 | Create | Villager (Male) |
| 4:11 | Create | Villager (Male) |
| 4:11 | Create | Villager (Male) |
| 4:12 | Create | Villager (Male) |
| 4:39 | Create | Villager (Male) |
| 5:05 | Create | Villager (Male) |
| 5:05 | Create | Villager (Male) |
| 5:28 | Build | Mill |
| 5:35 | Create | Villager (Male) |
| 5:35 | Create | Villager (Male) |
| 5:35 | Create | Villager (Male) |
| 6:01 | Build | House |
| 6:01 | Build | House |
| 6:03 | Build | House |
| 6:14 | Create | Villager (Male) |
| 6:14 | Create | Villager (Male) |
| 6:28 | Create | Villager (Male) |
| 6:28 | Create | Villager (Male) |
| 6:29 | Create | Villager (Male) |
| 6:29 | Create | Villager (Male) |
| 6:50 | Create | Villager (Male) |
| 6:50 | Create | Villager (Male) |
| 7:15 | Research | Loom |
| 7:23 | Create | Villager (Male) |
| 7:24 | Create | Villager (Male) |
| 7:24 | Create | Villager (Male) |
| 7:24 | Create | Villager (Male) |
| 7:24 | Create | Villager (Male) |
| 7:25 | Create | Villager (Male) |
| 7:29 | Create | Villager (Male) |
| 7:29 | Create | Villager (Male) |
| 8:55 | Build | Mining Camp |
| 9:26 | Research | Feudal Age |
| 10:47 | Build | Barracks |
| 11:24 | Build | Mill |
| 11:43 | Build | Mill |
| 11:55 | Create | Villager (Male) |
| 11:56 | Create | Villager (Male) |
| 11:57 | Create | Villager (Male) |
| 12:07 | Build | Blacksmith |
| 12:49 | Build | Stable |
| 13:52 | Build | Mining Camp |
| 13:59 | Create | Villager (Male) |
| 14:08 | Research | Castle Age |
| 15:02 | Research | Double-Bit Axe |
| 16:42 | Build | Mining Camp |
| 17:10 | Research | Bow Saw |
| 17:20 | Build | Town Center |
| 17:27 | Create | Villager (Male) |
| 17:27 | Create | Villager (Male) |
| 17:27 | Create | Villager (Male) |
| 17:28 | Create | Villager (Male) |
| 17:28 | Create | Villager (Male) |
| 17:41 | Build | Monastery |
| 17:53 | Build | Town Center |
| 18:19 | Build | Market |
| 18:36 | Create | Villager (Male) |
| 18:36 | Create | Villager (Male) |
| 18:44 | Build | Farm |
| 18:50 | Create | Monk |
| 19:29 | Build | Farm |
| 19:30 | Build | Farm |
| 19:32 | Build | Farm |
| 19:34 | Build | Farm |
| 19:49 | Create | Villager (Male) ×2 |
| 19:49 | Create | Villager (Male) ×2 |
| 20:52 | Build | Town Center |
| 21:11 | Build | Town Center |
| 21:36 | Create | Villager (Male) ×5 |
| 21:37 | Create | Villager (Male) ×5 |
| 21:37 | Create | Villager (Male) |
| 21:37 | Create | Villager (Male) |
| 21:50 | Build | Farm |
| 21:53 | Create | Monk |
| 22:26 | Build | Farm |
| 22:27 | Build | Farm |
| 22:28 | Build | Farm |
| 22:29 | Build | Farm |
| 22:30 | Build | Farm |
| 22:31 | Build | Farm |
| 22:32 | Build | Farm |
| 22:49 | Build | Farm |
| 22:51 | Build | Farm |
| 22:54 | Build | Farm |
| 23:23 | Create | Villager (Male) ×5 |
| 23:23 | Create | Villager (Male) ×5 |
| 23:23 | Create | Villager (Male) ×2 |
| 23:24 | Create | Villager (Male) ×2 |
| 23:36 | Build | House |
| 23:39 | Build | House |
| 23:44 | Build | House |
| 23:45 | Build | House |
| 23:47 | Build | House |
| 23:49 | Build | House |
| 24:01 | Research | Gold Mining |
| 24:06 | Build | Farm |
| 24:08 | Build | Farm |
| 24:09 | Build | Farm |
| 24:18 | Create | Villager (Male) ×4 |
| 24:18 | Create | Villager (Male) ×4 |
| 24:27 | Build | Farm |
| 24:28 | Build | Farm |
| 24:30 | Build | Farm |
| 24:31 | Build | Farm |
| 24:32 | Build | Farm |
| 24:35 | Build | Farm |
| 24:43 | Create | Villager (Male) ×3 |
| 24:44 | Create | Villager (Male) ×3 |
| 25:47 | Build | Farm |
| 25:48 | Build | Farm |
| 25:49 | Build | Farm |
| 25:51 | Build | Farm |
| 25:52 | Build | Farm |
| 26:09 | Create | Villager (Male) ×5 |
| 26:09 | Create | Villager (Male) ×5 |
| 26:09 | Create | Villager (Male) ×5 |
| 26:10 | Create | Villager (Male) |
| 26:10 | Create | Villager (Male) |
| 26:22 | Build | House |
| 26:23 | Build | House |
| 26:25 | Build | House |
| 26:26 | Build | House |
| 26:27 | Build | House |
| 26:33 | Build | House |
| 26:45 | Research | Wheelbarrow |
| 26:46 | Create | Villager (Male) ×2 |
| 26:46 | Create | Villager (Male) ×2 |
Build order — BrendaG9918
First 150 of 223 actions detected
| 0:33 | Build | House |
| 0:34 | Build | House |
| 0:38 | Build | House |
| 0:45 | Create | Villager (Male) |
| 0:45 | Create | Villager (Male) |
| 0:45 | Create | Villager (Male) |
| 0:45 | Create | Villager (Male) |
| 0:46 | Create | Villager (Male) |
| 3:27 | Create | Villager (Male) |
| 3:27 | Create | Villager (Male) |
| 3:27 | Create | Villager (Male) |
| 3:28 | Create | Villager (Male) |
| 3:31 | Research | Loom |
| 4:03 | Build | Mill |
| 4:44 | Create | Villager (Male) |
| 4:45 | Create | Villager (Male) |
| 4:46 | Create | Villager (Male) |
| 6:12 | Build | Lumber Camp |
| 6:54 | Create | Villager (Male) |
| 8:05 | Research | Feudal Age |
| 8:59 | Create | Villager (Male) |
| 9:37 | Create | Villager (Male) |
| 10:06 | Research | Wheelbarrow |
| 10:08 | Create | Villager (Male) |
| 10:08 | Create | Villager (Male) |
| 10:12 | Create | Villager (Male) |
| 10:15 | Create | Villager (Male) |
| 10:42 | Build | Mining Camp |
| 10:50 | Build | House |
| 10:51 | Build | House |
| 10:53 | Build | House |
| 10:54 | Build | House |
| 10:57 | Build | House |
| 10:59 | Build | House |
| 11:19 | Research | Town Watch |
| 12:53 | Research | Double-Bit Axe |
| 13:56 | Research | Horse Collar |
| 14:24 | Create | Villager (Male) |
| 14:25 | Create | Villager (Male) |
| 14:51 | Research | Heavy Plow |
| 15:12 | Build | Mining Camp |
| 15:15 | Create | Villager (Male) |
| 15:16 | Create | Villager (Male) |
| 15:36 | Create | Villager (Male) |
| 15:51 | Research | Bow Saw |
| 16:15 | Research | Gold Mining |
| 16:21 | Create | Villager (Male) |
| 16:40 | Research | Stone Mining |
| 17:55 | Research | Gold Shaft Mining |
| 18:40 | Create | Villager (Male) |
| 18:40 | Create | Villager (Male) |
| 19:06 | Create | Villager (Male) |
| 19:07 | Create | Villager (Male) |
| 19:07 | Create | Villager (Male) |
| 19:07 | Create | Villager (Male) |
| 19:07 | Create | Villager (Male) |
| 19:16 | Build | Farm |
| 19:43 | Build | Market |
| 19:51 | Build | Farm |
| 19:57 | Build | Farm |
| 20:04 | Build | Farm |
| 20:11 | Build | Farm |
| 20:18 | Build | Farm |
| 20:24 | Build | Farm |
| 20:30 | Build | Farm |
| 20:46 | Create | Villager (Male) |
| 20:52 | Create | Villager (Male) |
| 21:30 | Build | Barracks |
| 21:48 | Build | Farm |
| 21:56 | Build | Farm |
| 22:00 | Research | Hand Cart |
| 22:02 | Create | Villager (Male) |
| 22:17 | Build | Farm |
| 22:23 | Build | Farm |
| 22:29 | Build | Farm |
| 22:35 | Build | Farm |
| 22:48 | Build | Archery Range |
| 23:05 | Create | Trade Cart |
| 23:11 | Create | Villager (Male) |
| 23:26 | Create | Trade Cart |
| 23:45 | Create | Villager (Male) |
| 24:01 | Build | Stable |
| 24:06 | Create | Villager (Male) |
| 25:18 | Research | Castle Age |
| 25:27 | Build | Blacksmith |
| 25:51 | Research | Stone Shaft Mining |
| 26:30 | Build | Farm |
| 26:33 | Create | Villager (Male) |
| 26:39 | Research | Scale Barding Armor |
| 26:40 | Research | Scale Mail Armor |
| 26:42 | Research | Padded Archer Armor |
| 27:04 | Research | Fletching |
| 27:16 | Research | Forging |
| 27:36 | Create | Villager (Male) |
| 27:49 | Create | Trade Cart |
| 27:50 | Create | Trade Cart |
| 27:51 | Create | Trade Cart |
| 27:52 | Create | Trade Cart |
| 27:53 | Create | Trade Cart |
| 28:06 | Research | Cavalier (upgrade) |
| 28:07 | Research | Husbandry |
| 28:18 | Create | Villager (Male) |
| 28:44 | Build | Farm |
| 28:47 | Create | Villager (Male) |
| 29:07 | Build | Castle |
| 29:15 | Create | Villager (Male) |
| 29:15 | Create | Villager (Male) |
| 29:25 | Build | Stable |
| 29:59 | Build | Farm |
| 30:03 | Research | Town Patrol |
| 30:14 | Build | House |
| 30:15 | Build | House |
| 30:16 | Build | House |
| 30:17 | Build | House |
| 30:18 | Build | House |
| 30:22 | Build | House |
| 30:23 | Build | House |
| 30:24 | Build | House |
| 30:25 | Build | House |
| 30:26 | Build | House |
| 30:27 | Build | House |
| 31:17 | Create | Villager (Male) |
| 31:41 | Build | University |
| 31:51 | Build | Farm |
| 31:54 | Create | Villager (Male) |
| 33:36 | Build | Castle |
| 33:54 | Build | Mining Camp |
| 34:05 | Build | Siege Workshop |
| 34:09 | Build | Siege Workshop |
| 34:17 | Research | Leather Archer Armor |
| 34:17 | Research | Chain Mail Armor |
| 34:18 | Research | Chain Barding Armor |
| 34:19 | Research | Iron Casting |
| 34:20 | Research | Bodkin Arrow |
| 34:31 | Research | Two-Man Saw |
| 34:35 | Research | Crop Rotation |
| 35:30 | Research | Imperial Age |
| 35:51 | Build | Farm |
| 36:04 | Build | House |
| 36:06 | Build | House |
| 36:08 | Build | House |
| 36:10 | Build | House |
| 36:11 | Build | House |
| 36:12 | Build | House |
| 36:17 | Build | House |
| 36:18 | Build | House |
| 36:19 | Build | House |
| 36:21 | Build | House |
| 37:14 | Build | Siege Workshop |
| 37:15 | Build | Siege Workshop |
Match timeline
| 0:45 | The Wuhan Bat · wall_segment Palisade Wall x11 |
| 1:03 | The Wuhan Bat · wall_segment Palisade Wall x2 |
| 1:25 | SkilzDatKilz845 · wall_segment Palisade Wall x11 |
| 1:29 | SkilzDatKilz845 · wall_segment Palisade Wall x9 |
| 1:30 | ♛︎ Laquief-2K #BEAMER™ · wall_segment Palisade Wall x11 |
| 1:56 | Vorny104697 · wall_segment Palisade Wall x11 |
| 2:26 | ♛︎ Laquief-2K #BEAMER™ · wall_segment Palisade Wall x5 |
| 3:31 | Jaereg · wall_segment Palisade Wall x9 |
| 3:52 | ♛︎ Laquief-2K #BEAMER™ · wall_segment Palisade Wall x1 |
| 4:16 | DaveyJones · wall_segment Palisade Wall x12 |
| 4:39 | Jaereg · wall_segment Palisade Wall x1 |
| 5:20 | Vorny104697 · wall_segment Palisade Wall x12 |
| 6:10 | DaveyJones · wall_segment Palisade Wall x2 |
| 6:21 | DaveyJones · wall_segment Palisade Wall x5 |
| 8:11 | DaveyJones · wall_segment Palisade Wall x4 |
| 8:58 | SkilzDatKilz845 · first_building Barracks |
| 9:00 | DaveyJones · first_building Barracks |
| 10:21 | DaveyJones · wall_segment Palisade Wall x1 |
| 10:47 | Cosmatas Maker · first_building Barracks |
| 11:53 | The Wuhan Bat · wall_segment Stone Wall x11 |
| 12:49 | Cosmatas Maker · first_building Stable |
| 13:50 | SkilzDatKilz845 · first_building Archery Range |
| 14:51 | The Wuhan Bat · wall_segment Stone Wall x1 |
| 15:21 | The Wuhan Bat · wall_segment Stone Wall x2 |
| 15:45 | DaveyJones · wall_segment Stone Wall x7 |
| 16:27 | Jaereg · first_market_sell 100 wood |
| 17:01 | DaveyJones · wall_segment Stone Wall x5 |
| 17:27 | Jaereg · wall_segment Stone Wall x13 |
| 17:41 | Cosmatas Maker · first_building Monastery |
| 18:26 | ♛︎ Laquief-2K #BEAMER™ · wall_segment Stone Wall x9 |
| 18:40 | DaveyJones · wall_segment Stone Wall x11 |
| 18:42 | Vorny104697 · first_building Barracks |
| 20:05 | Vorny104697 · first_building Archery Range |
| 20:09 | Jaereg · first_market_buy 100 wood |
| 20:10 | Vorny104697 · first_building Stable |
| 20:15 | ♛︎ Laquief-2K #BEAMER™ · wall_segment Stone Wall x10 |
| 20:54 | DaveyJones · first_building Archery Range |
| 21:00 | SkilzDatKilz845 · first_market_buy 500 food |
| 21:01 | Vorny104697 · wall_segment Stone Wall x10 |
| 21:16 | The Wuhan Bat · first_market_sell 500 wood |
| 21:30 | BrendaG9918 · first_building Barracks |
| 21:40 | DaveyJones · wall_segment Stone Wall x15 |
| 21:44 | SkilzDatKilz845 · first_building Siege Workshop |
| 22:18 | ♛︎ Laquief-2K #BEAMER™ · wall_segment Stone Wall x9 |
| 22:48 | BrendaG9918 · first_building Archery Range |
| 22:55 | SkilzDatKilz845 · first_building Monastery |
| 22:56 | Jaereg · first_building Siege Workshop |
| 23:02 | ♛︎ Laquief-2K #BEAMER™ · first_market_sell 100 food |
| 23:04 | ♛︎ Laquief-2K #BEAMER™ · first_market_buy 100 wood |
| 23:04 | The Wuhan Bat · first_market_buy 100 food |
| 24:01 | BrendaG9918 · first_building Stable |
| 24:14 | ♛︎ Laquief-2K #BEAMER™ · wall_segment Stone Wall x10 |
| 24:44 | DaveyJones · first_building Siege Workshop |
| 24:52 | DaveyJones · wall_segment Stone Wall x11 |
| 25:06 | Vorny104697 · wall_segment Stone Wall x5 |
| 25:13 | Vorny104697 · wall_segment Stone Wall x1 |
| 26:04 | ♛︎ Laquief-2K #BEAMER™ · wall_segment Stone Wall x9 |
| 26:12 | Vorny104697 · wall_segment Stone Wall x1 |
| 26:53 | DaveyJones · first_building Monastery |
| 27:16 | The Wuhan Bat · first_building Monastery |
| 27:41 | Vorny104697 · first_building Castle |
| 27:50 | Jaereg · first_building Monastery |
| 27:55 | The Wuhan Bat · wall_segment Stone Wall x20 |
| 28:25 | SkilzDatKilz845 · first_market_sell 500 food |
| 28:49 | ♛︎ Laquief-2K #BEAMER™ · wall_segment Stone Wall x11 |
| 29:01 | Cosmatas Maker · first_building Siege Workshop |
| 29:07 | BrendaG9918 · first_building Castle |
| 29:18 | DaveyJones · first_building Castle |
| 29:27 | The Wuhan Bat · first_building Castle |
| 29:34 | Jaereg · first_building Castle |
| 29:44 | The Wuhan Bat · wall_segment Stone Wall x1 |
| 29:53 | Cosmatas Maker · first_building Castle |
| 30:20 | DaveyJones · wall_segment Palisade Wall x5 |
| 30:51 | The Wuhan Bat · wall_segment Stone Wall x1 |
| 31:13 | ♛︎ Laquief-2K #BEAMER™ · first_building Castle |
| 31:30 | SkilzDatKilz845 · first_building Castle |
| 33:12 | Vorny104697 · first_building Monastery |
| 34:05 | BrendaG9918 · first_building Siege Workshop |
| 34:17 | DaveyJones · wall_segment Palisade Wall x6 |
| 34:34 | Cosmatas Maker · wall_segment Stone Wall x13 |
| 35:11 | Jaereg · first_building Barracks |
| 36:16 | Cosmatas Maker · wall_segment Stone Wall x5 |
| 36:50 | BrendaG9918 · first_market_sell 100 wood |
| 36:53 | Cosmatas Maker · wall_segment Stone Wall x5 |
| 37:37 | The Wuhan Bat · wall_segment Stone Wall x1 |
| 38:49 | The Wuhan Bat · wall_segment Stone Wall x1 |
| 44:28 | The Wuhan Bat · first_building Barracks |
| 44:42 | Jaereg · wall_segment Stone Wall x7 |
| 45:17 | ♛︎ Laquief-2K #BEAMER™ · wall_segment Stone Wall x6 |
| 46:05 | Jaereg · wall_segment Stone Wall x20 |
| 47:13 | Vorny104697 · wall_segment Stone Wall x13 |
| 47:17 | SkilzDatKilz845 · first_building Stable |
| 47:17 | The Wuhan Bat · resign |
| 51:30 | Jaereg · wall_segment Stone Wall x12 |
| 52:59 | Jaereg · wall_segment Stone Wall x8 |
| 53:18 | Jaereg · wall_segment Stone Wall x10 |
| 53:22 | Jaereg · wall_segment Stone Wall x12 |
| 53:34 | Jaereg · wall_segment Stone Wall x10 |
| 54:43 | Jaereg · wall_segment Stone Wall x17 |
| 55:03 | Jaereg · wall_segment Stone Wall x1 |
| 55:26 | Jaereg · wall_segment Stone Wall x17 |
| 57:01 | DaveyJones · wall_segment Stone Wall x7 |
| 57:24 | Vorny104697 · first_market_sell 500 wood |
| 59:15 | DaveyJones · wall_segment Stone Wall x10 |
| 61:57 | Jaereg · tribute_sent a jugador 1 |
| 61:57 | Jaereg · tribute_sent a jugador 2 |
| 61:57 | Jaereg · tribute_sent a jugador 3 |
| 61:57 | Jaereg · tribute_sent a jugador 4 |
| 61:57 | Jaereg · tribute_sent a jugador 5 |
| 61:57 | Jaereg · tribute_sent a jugador 7 |
| 61:57 | Jaereg · tribute_sent a jugador 8 |
| 63:51 | Jaereg · wall_segment Stone Wall x18 |
| 65:03 | ♛︎ Laquief-2K #BEAMER™ · wall_segment Stone Wall x7 |
| 66:38 | DaveyJones · wall_segment Stone Wall x11 |
| 69:00 | DaveyJones · wall_segment Stone Wall x14 |
| 69:13 | DaveyJones · wall_segment Stone Wall x3 |
| 69:18 | Jaereg · wall_segment Stone Wall x5 |
| 69:23 | Jaereg · wall_segment Stone Wall x10 |
| 69:26 | Jaereg · wall_segment Stone Wall x8 |
| 79:20 | ♛︎ Laquief-2K #BEAMER™ · wall_segment Stone Wall x8 |
| 80:04 | ♛︎ Laquief-2K #BEAMER™ · wall_segment Stone Wall x9 |
| 81:59 | Cosmatas Maker · wall_segment Stone Wall x4 |
| 83:10 | Jaereg · wall_segment Stone Wall x1 |
| 84:55 | Cosmatas Maker · wall_segment Stone Wall x1 |
| 84:56 | Cosmatas Maker · wall_segment Stone Wall x1 |
| 86:33 | Jaereg · wall_segment Stone Wall x7 |
| 86:36 | Jaereg · wall_segment Stone Wall x6 |
| 86:37 | DaveyJones · wall_segment Stone Wall x12 |
| 86:37 | Jaereg · wall_segment Stone Wall x8 |
| 86:52 | Jaereg · wall_segment Stone Wall x8 |
| 87:13 | Jaereg · wall_segment Stone Wall x1 |
| 87:19 | DaveyJones · wall_segment Stone Wall x5 |
| 87:22 | DaveyJones · wall_segment Stone Wall x3 |
| 87:43 | DaveyJones · wall_segment Stone Wall x1 |
| 94:40 | Jaereg · wall_segment Stone Wall x11 |
[ AI ANALYSIS · 1 CREDIT ]
What really happened in this match?
Wolo.gg analyzes every decision: build order, eco, micro, common mistakes by bracket. Personalized analysis on WhatsApp or Discord in 30 seconds.
Civ guide
Vietnamese
Map guide
Black Forest
Perfil
Jugador #12846310